 Dungeon Crawl Stone Soup version 0.20.0-1-g1cb1d84 (console) character file.

753 removed the Ducker (level 7, -2/44 HPs)
             Began as a Deep Elf Arcane Marksman on May 26, 2017.
             Slain by an ogre
             ... wielding a cursed +0 giant club
              (29 damage)
             ... on level 5 of the Dungeon.
             The game lasted 00:13:46 (5987 turns).

removed the Ducker (Deep Elf Arcane Marksman)       Turns: 5987, Time: 00:13:46

Health: -2/44      AC: 10    Str:  7    XL:     7   Next: 49%
Magic:  10/13      EV: 15    Int: 20    God:
Gold:   193        SH:  0    Dex: 15    Spells: 11/12 levels left

rFire    . . .     SeeInvis .   b - +1 hand axe (elec)
rCold    . . .     Gourm    .   (no shield)
rNeg     + . .     Faith    .   e - +0 robe
rPois    .         Spirit   .   (no helmet)
rElec    .         Reflect  .   t - +0 cloak
rCorr    .         Harm     .   m - +0 pair of gloves
MR       .....                  (no boots)
Stlth    +.........             n - amulet of inaccuracy (curse)
Regen    0.2/turn               p - ring of positive energy
MPRegen  0.2/turn               x - +4 ring of protection

@: no status effects
A: iridescent scales 1, deterioration 1
a: no special abilities


You were on level 5 of the Dungeon.
You were not hungry.

You visited 1 branch of the dungeon, and saw 5 of its levels.

You collected 193 gold pieces.

Inventory:

Hand Weapons
 a - a +1 shortbow
 b - a +1 hand axe of electrocution (weapon)
 A - a +0 war axe
 I - a +0 blowgun
Missiles
 d - 29 arrows
 J - 2 poisoned needles
Armour
 e - a +0 robe (worn)
 m - a +0 pair of gloves (worn)
 t - a +0 cloak (worn)
 G - a +0 helmet
Jewellery
 n - a cursed amulet of inaccuracy (around neck)
 p - a ring of positive energy (left hand)
 w - an uncursed amulet of harm
 x - a +4 ring of protection (right hand)
 y - an uncursed ring of ice
Scrolls
 k - 2 scrolls of blinking
 D - 2 scrolls of magic mapping
 L - a scroll of enchant weapon
Potions
 r - 4 potions of might
 s - a potion of degeneration
 E - a potion of lignification {unknown}
 M - 2 potions of curing
 O - a potion of magic {unknown}
Books
 c - a book of Debilitation

   Spells                             Type                      Level
   a - Corona                         Hexes                        1
   b - Slow                           Hexes                        2
   c - Inner Flame                    Hexes/Fire                   3
   d - Portal Projectile              Hexes/Translocation          3
   e - Cause Fear                     Hexes                        4
   f - Leda's Liquefaction            Hexes/Earth                  4
Comestibles
 f - 2 bread rations
 N - 4 chunks of flesh


   Skills:
 - Level 5.0 Fighting
 - Level 4.0 Bows
 - Level 5.5 Dodging
 + Level 3.2 Spellcasting
 - Level 4.0 Hexes


You had 11 spell levels left.
You knew the following spells:

 Your Spells              Type           Power        Failure   Level  Hunger
a - Corona                Hex            ###....      2%          1    None


Dungeon Overview and Level Annotations

Branches:
Dungeon (5/15)
 Temple: D:4-7

Altars:

Annotations:
D:3 1 runed door
D:4 Eustachio, Sigmund


Innate Abilities, Weirdness & Mutations

You are partially covered in iridescent scales. (AC +2)
Your body sometimes deteriorates upon taking damage.


Message History

You hit the centaur. Lightning courses through the centaur!
The centaur is almost dead.
The centaur hits you. x2
You hit the centaur.
You kill the centaur!
Your Spellcasting skill gained 2 levels and is now at level 3!
Casting: Corona
Confirm with . or Enter, or press ? or * to list all spells.
Aiming: Corona
Press: ? - help, Shift-Dir - straight line, f - ogre
Aim: an ogre, wielding a giant club (chance to defeat MR: 57%)
The ogre is outlined in light.
The ogre closely misses you.
You hit the ogre.
The ogre is lightly wounded.
The ogre hits you with a giant club!
You hit the ogre.
The ogre is moderately wounded.
The ogre hits you with a giant club!!
Ouch! That really hurt!
You die...

# #.########
#........
#O...>. #c....#
#####O##
#..(@..#
#(.....####
#.........#
#.........#
####......+
#......+####...
#..........#...
#.............
####.###......#


You could see an ogre.

Vanquished Creatures
  A phantom (D:4)
  3 centaurs
  2 jellies (D:4)
  A hound (D:4)
  An orc wizard (D:3)
  A worker ant (D:4)
  Robin (D:3)
  6 adders
  6 gnolls (D:3)
  12 oozes
  An adder skeleton (D:4)
  4 worms
  2 dart slugs
  A leopard gecko (D:1)
  5 orcs
  2 ball pythons
  4 giant cockroaches
  14 goblins
  12 hobgoblins
  2 jackals (D:2)
  13 kobolds
  A quokka (D:2)
  6 bats
  10 frilled lizards
  11 rats
122 creatures vanquished.

Vanquished Creatures (others)
  6 fungi (D:4)
  6 toadstools (D:4)
12 creatures vanquished.

Grand Total: 134 creatures vanquished

Notes
Turn   | Place    | Note
-------+----------+-------------------------------------------
     0 | D:1      | removed the Deep Elf Arcane Marksman began the quest for the Orb.
     0 | D:1      | Reached XP level 1. HP: 11/11 MP: 5/5
   256 | D:1      | Reached XP level 2. HP: 11/16 MP: 6/6
   990 | D:1      | Reached XP level 3. HP: 20/20 MP: 7/7
  1291 | D:2      | Reached skill level 1 in Fighting
  2127 | D:2      | Reached XP level 4. HP: 25/26 MP: 8/8
  3391 | D:3      | Reached XP level 5. HP: 32/32 MP: 7/9
  3561 | D:3      | Found a runed door.
  3684 | D:3      | Noticed Robin
  3700 | D:3      | Killed Robin
  3959 | D:3      | Noticed a centaur
  3990 | D:3      | Killed a centaur
  3990 | D:3      | Reached XP level 6. HP: 27/39 MP: 8/10
  4615 | D:4      | Reached skill level 5 in Fighting
  4754 | D:4      | Noticed Eustachio
  4952 | D:4      | Noticed Sigmund
  5081 | D:4      | Gained mutation: Your flesh is heat resistant. (rF+) [potion of mutation]
  5081 | D:4      | Gained mutation: Armour fits poorly on your strangely shaped body. [potion of mutation]
  5081 | D:4      | Gained mutation: You are dopey. (Int -2) [potion of mutation]
  5081 | D:4      | Gained mutation: You have a beak for a mouth. [potion of mutation]
  5098 | D:3      | Lost mutation: Armour fits poorly on your strangely shaped body. [potion of mutation]
  5098 | D:3      | Lost mutation: You are dopey. (Int -2) [potion of mutation]
  5098 | D:3      | Lost mutation: You have a beak for a mouth. [potion of mutation]
  5098 | D:3      | Lost mutation: Your flesh is heat resistant. (rF+) [potion of mutation]
  5098 | D:3      | Gained mutation: Your body sometimes deteriorates upon taking damage. [potion of mutation]
  5098 | D:3      | Gained mutation: You are partially covered in iridescent scales. (AC +2) [potion of mutation]
  5450 | D:4      | Reached XP level 7. HP: 35/44 MP: 9/11
  5875 | D:4      | Reached skill level 5 in Dodging
  5909 | D:5      | Entered Level 5 of the Dungeon
  5987 | D:5      | Slain by an ogre

Skill      XL: |  1  2  3  4  5  6  7 |
---------------+----------------------+-----
Bows           | 3 4 |  4.0
Fighting       | 1 3 4 5 |  5.0
Dodging        | 4 5 |  5.5
Spellcasting   | 3 |  3.2
Hexes          | |  4.0

Action                   |  1- 3 |  4- 6 |  7- 9 || total
-------------------------+-------+-------+-------++-------
Melee: Shortbow          |    10 |       |       ||    10
       Hand axe          |       |   246 |    33 ||   279
       War axe           |       |    13 |       ||    13
       Peck              |       |     2 |       ||     2
 Fire: Shortbow          |   193 |    71 |     7 ||   271
 Cast: Corona            |     5 |    23 |     5 ||    33
  Use: Scroll            |     5 |     5 |       ||    10
       Potion            |       |     4 |       ||     4
 Stab: Sleeping          |       |     1 |       ||     1
  Eat: Chunk             |     4 |    10 |     1 ||    15
       Royal jelly       |       |       |     1 ||     1
Armor: Robe              |    17 |   110 |    10 ||   137
Dodge: Dodged            |    64 |   215 |    23 ||   302
